 Dungeon Crawl Stone Soup version 0.20-a0-1006-ge6c5631 (webtiles) character file.

37552 Multipenetrator the Eclecticist (level 13, 0/68 HPs)
             Began as a Deep Elf Fire Elementalist on Apr 13, 2017.
             Was a High Priest of Vehumet.
             Slain by a komodo dragon (16 damage)
             ... on level 5 of the Lair of Beasts on Apr 14, 2017.
             The game lasted 04:52:27 (17002 turns).

Multipenetrator the Eclecticist (DEFE)             Turns: 17002, Time: 04:52:28

Health: 0/68       AC: 13    Str:  7    XL:     13   Next: 59%
Magic:  24/45      EV: 16    Int: 32    God:    Vehumet [*****.]
Gold:   894        SH:  6    Dex: 20    Spells: 15/47 levels left

rFire    + . .     SeeInvis .   a - +5 lajatang "Giozio" {flame, rPois rF+ Int+3}
rCold    . . .     Gourm    .   (shield currently unavailable)
rNeg     . . .     Faith    .   L - +3 leather armour of Nenkosm {Int+5}
rPois    +         Spirit   .   n - +2 helmet
rElec    .         Reflect  +   U - +2 cloak {+Inv}
rCorr    .         Harm     .   q - +0 pair of gloves
MR       +....                  (no boots)
Stlth    ++++......             H - +6 amulet of reflection
Regen    1.3/turn               s - +5 ring of dexterity
MPRegen  0.3/turn               v - ring of magical power

@: singing, very slightly contaminated, regenerating, invisible (expiring)
A: no striking features
a: Renounce Religion


You were on level 5 of the Lair of Beasts.
You worshipped Vehumet.
Vehumet was extremely pleased with you.
You were hungry.

You visited 3 branches of the dungeon, and saw 18 of its levels.

You collected 975 gold pieces.
You spent 81 gold pieces at shops.

Inventory:

Hand Weapons
 a - the +5 lajatang "Giozio" (weapon) {flame, rPois rF+ Int+3}
   (You found it on level 2 of the Lair of Beasts)

   It has been specially enchanted to burn those struck by it, causing extra
   injury to most foes and up to half again as much damage against particularly
   susceptible opponents.
   Big, fiery blades are also staple armaments of hydra-hunters.
   It affects your intelligence (+3).
   It protects you from fire.
   It protects you from poison.
 b - a +3 dagger of protection
Missiles
 I - 6 throwing nets (quivered)
Armour
 n - a +2 helmet (worn)
 q - a +0 pair of gloves (worn)
 L - the +3 leather armour of Nenkosm (worn) {Int+5}
   (You took it off a kobold on level 11 of the Dungeon)

   It affects your intelligence (+5).
 U - a +2 cloak of invisibility (worn)
Magical Staves
 m - an uncursed staff of fire
Jewellery
 s - a +5 ring of dexterity (left hand)
 u - an uncursed ring of protection from magic
 v - a ring of magical power (right hand)
 x - an uncursed ring of positive energy
 H - a +6 amulet of reflection (around neck)
 W - an uncursed ring of flight
Wands
 e - a wand of polymorph (4/24)
 r - a wand of lightning (3/15)
 A - a wand of digging (20/24)
 D - a wand of confusion (6/48)
 J - a wand of paralysis (10/24)
 M - a wand of polymorph (13/24)
Scrolls
 d - 3 scrolls of enchant weapon
 i - 2 scrolls of random uselessness {unknown}
 k - 3 scrolls of amnesia
 l - 6 scrolls of teleportation
 o - 5 scrolls of remove curse
 z - 5 scrolls of immolation
 F - 3 scrolls of fog
 G - 3 scrolls of magic mapping
 N - a scroll of acquirement {unknown}
 O - a scroll of fear {unknown}
 V - 2 scrolls of summoning {unknown}
Potions
 g - 3 potions of agility
 h - a potion of haste
 j - 11 potions of curing
 p - 2 potions of brilliance {unknown}
 t - a potion of berserk rage {unknown}
 w - a potion of invisibility {unknown}
 C - a potion of magic {unknown}
 E - 2 potions of lignification
 K - a potion of resistance {unknown}
 P - a potion of flight {unknown}
 T - 5 potions of heal wounds
 X - a potion of ambrosia
 Z - a potion of might {unknown}
Books
 R - a book of Battle

   Spells                             Type                      Level
   a - Infusion                       Charms                       1
   b - Shroud of Golubria             Charms/Translocation         2
   c - Song of Slaying                Charms                       2
   d - Spectral Weapon                Hexes/Charms                 3
   e - Regeneration                   Charms/Necromancy            3
Miscellaneous
 y - a phial of floods
Comestibles
 c - 5 bread rations
 f - 7 royal jellies
 B - 28 fruits
 Q - 2 meat rations


   Skills:
 + Level 3.0 Fighting
 + Level 6.2 Short Blades
 + Level 3.3 Staves
 + Level 2.8 Armour
 + Level 6.3 Dodging
 + Level 9.1 Stealth
   Level 0.1 Shields
 + Level 17.8 Spellcasting
 * Level 9.9 Conjurations
 + Level 4.4 Charms
 - Level 3.7 Necromancy
 + Level 0.7 Translocations
 + Level 9.4 Fire Magic
 + Level 3.3 Earth Magic
 + Level 5.4 Evocations


You had 15 spell levels left.
You knew the following spells:

 Your Spells              Type           Power        Failure   Level  Hunger
a - Flame Tongue          Conj/Fire      #####        1%          1    None
b - Conjure Flame         Conj/Fire      ######..     1%          3    None
c - Sticky Flame          Conj/Fire      ######..     1%          4    None
d - Fireball              Conj/Fire      ######....   1%          5    None
e - Regeneration          Chrm/Necr      ######....   1%          3    None
f - Bolt of Magma         Conj/Fire/Erth ######....   1%          5    None
g - Bolt of Cold          Conj/Ice       ######....   14%         6    None
h - Song of Slaying       Chrm           ######..     1%          2    None
i - Shroud of Golubria    Chrm/Tloc      #####.....   1%          2    None
z - Animate Skeleton      Necr           N/A          1%          1    None


Dungeon Overview and Level Annotations

Branches:
Dungeon (11/15)            Temple (1/1) D:7            Lair (6/6) D:11
  Swamp (0/4) Lair:2        Snake (0/4) Lair:2
  Slime: Lair:5-6       Orc: D:9-12

Altars:
Ashenzari
Cheibriados
Dithmenos
Elyvilon
Fedhas
Gozag
Hepliaklqana
Kikubaaqudgha
Makhleb
Nemelex Xobeh
Okawaru
Qazlal
Sif Muna
Trog
Uskayaw
Vehumet
Wu Jian
Xom
Yredelemnul
The Shining One

Shops:
D:7 *

Portals:
Bazaar: D:11

Annotations:
D:9 dricus's ghost, novice MiBe


Message History

There is a stone staircase leading up here.
You block the komodo dragon's attack.
The five-headed hydra barely misses you.
The five-headed hydra misses you.
You block the five-headed hydra's attack.
The five-headed hydra closely misses you.
The five-headed hydra bites you! The crocodile bites you!
* * * LOW HITPOINT WARNING * * *
You climb upwards.
You flicker for a moment.
There is a stone staircase leading down here.
You feel much better. The komodo dragon closely misses you.
The five-headed hydra bites you. The five-headed hydra bites you!
The five-headed hydra bites you but does no damage. x2
The five-headed hydra bites you!
* * * LOW HITPOINT WARNING * * *
The crocodile closely misses you. The komodo dragon closely misses you.
The komodo dragon bites you!
You die...

.##P......).....# ###
######.)........## #.##
#
##..........#.####.###
#
#.#.................P#
##
##...................##
[#
##.................#.#
.#
#...................##
##
#.............D.....# #
#...........@lt.....# #
#.................>.##
#
##....................#
#
#....................##
#
##...................##
#
##...................#
##
#.................###
.#
##..................##
##
#P...................#


You could see a five-headed hydra, a komodo dragon and a crocodile.

Vanquished Creatures
  Nessos (Lair:5)
  Josephine (Lair:5)
  Harold (Lair:4)
  4 hydras
  An anaconda (Lair:4)
  Erica (D:8)
  5 death yaks (Lair:5)
  3 two-headed ogres
  Pikel (D:8)
  2 ugly things
  A cyclops (D:11)
  Maurice (D:8)
  3 black mambas
  7 spiny frogs
  6 elephants (Lair:4)
  A rime drake (Lair:1)
  4 komodo dragons
  2 trolls
  10 blink frogs
  Grinder (D:4)
  5 hippogriffs
  4 wraiths (Lair:5)
  2 basilisks
  2 hungry ghosts
  14 yaks
  3 vampire mosquitoes (Lair:2)
  A steam dragon (D:11)
  The ghost of Boomshaker the Chiller, an amateur BaIE (D:4)
  3 nagas (Lair:2)
  Menkaure (D:4)
  An acid dragon (D:11)
  9 water moccasins
  11 porcupines
  2 orc warriors (D:10)
  4 sky beasts
  2 eyes of draining (D:11)
  2 ice beasts
  A phantom (D:9)
  4 slaves (D:8)
  5 ogres
  A necrophage (D:9)
  2 centaurs
  14 wolves
  9 crocodiles
  5 big kobolds
  11 bullfrogs
  4 scorpions
  6 killer bees (D:11)
  7 wights
  5 howler monkeys
  5 crimson imps
  3 centaur zombies
  6 hounds
  2 jellies
  12 orc priests
  An orc wizard (D:10)
  2 iguanas
  6 worker ants
  5 hell rats (Lair:2)
  A hound zombie (D:4)
  3 hound skeletons
  Robin (D:2)
  A howler monkey zombie (D:11)
  2 worker ant zombies
  8 gnolls
  9 adders
  A shadow imp (D:7)
  A white imp (D:8)
  An adder skeleton (D:5)
  7 worms
  7 dart slugs
  4 leopard geckos
  27 orcs
  8 bats
  5 giant cockroaches
  12 goblins
  12 hobgoblins
  9 jackals
  6 quokkas
  4 frilled lizards
  19 kobolds
  A leopard gecko skeleton (D:4)
  A quokka skeleton (D:5)
  7 rats
  2 fungi (Lair:1)
398 creatures vanquished.

Vanquished Creatures (collateral kills)
  A black mamba (Lair:5)
  A centaur zombie (D:10)
  An ice statue (D:11)
  2 spiny frogs (Lair:5)
  A blink frog (Lair:3)
  A hippogriff (Lair:5)
  A steam dragon (D:10)
  A basilisk (Lair:5)
  3 yaks (Lair:5)
  2 water moccasins (Lair:2)
  An ice beast (D:10)
  An eye of draining (D:11)
  A wolf (Lair:3)
  A centaur (D:10)
  3 crocodiles
  A bullfrog (Lair:5)
  A wyvern skeleton (D:10)
  A wight (D:10)
  A crimson imp (D:10)
  An orc wizard (D:11)
  3 orcs
  2 jackals (D:11)
  A kobold (D:10)
  4 fungi
  A plant (Lair:5)
37 creatures vanquished.

Vanquished Creatures (others)
  8 fungi
  10 plants
18 creatures vanquished.

Grand Total: 453 creatures vanquished

Notes
Turn   | Place    | Note
-------+----------+-------------------------------------------
     0 | D:1      | Multipenetrator the Deep Elf Fire Elementalist began the quest for the Orb.
     0 | D:1      | Reached XP level 1. HP: 10/10 MP: 6/6
    95 | D:1      | Reached XP level 2. HP: 7/15 MP: 0/8
   659 | D:1      | Reached XP level 3. HP: 15/19 MP: 7/10
   721 | D:1      | Learned a level 3 spell: Conjure Flame
   972 | D:1      | Reached skill level 4 in Spellcasting
  1381 | D:2      | Found a blossoming altar of Fedhas.
  1425 | D:2      | Noticed Robin
  1436 | D:2      | Killed Robin
  1495 | D:2      | Reached XP level 4. HP: 6/24 MP: 2/12
  2021 | D:2      | Learned a level 4 spell: Sticky Flame
  2500 | D:3      | Reached skill level 5 in Spellcasting
  2510 | D:3      | Reached skill level 1 in Short Blades
  2627 | D:3      | Reached XP level 5. HP: 28/28 MP: 14/14
  3260 | D:4      | Noticed Boomshaker's ghost (amateur BaIE)
  3359 | D:4      | Killed Boomshaker's ghost
  3359 | D:4      | Reached XP level 6. HP: 32/32 MP: 2/16
  3477 | D:4      | Noticed Menkaure
  3509 | D:4      | Killed Menkaure
  3556 | D:4      | Reached skill level 6 in Spellcasting
  4139 | D:4      | Reached XP level 7. HP: 36/36 MP: 10/18
  4179 | D:4      | Found a shimmering altar of Xom.
  4181 | D:4      | Found an ornate altar of the Wu Jian Council.
  4181 | D:4      | Found a shimmering altar of Xom.
  4183 | D:4      | Found a bloodstained altar of Trog.
  4183 | D:4      | Found an opulent altar of Gozag.
  4183 | D:4      | Found an iron altar of Okawaru.
  4331 | D:4      | Noticed Grinder
  4341 | D:4      | Killed Grinder
  4341 | D:4      | Reached skill level 5 in Fire Magic
  4379 | D:5      | Entered Level 5 of the Dungeon
  4427 | D:5      | Reached skill level 7 in Spellcasting
  4563 | D:5      | Reached skill level 5 in Stealth
  4913 | D:5      | Reached XP level 8. HP: 27/42 MP: 14/21
  5001 | D:5      | Reached skill level 1 in Fighting
  5547 | D:5      | Learned a level 5 spell: Fireball
  5789 | D:7      | Found a staircase to the Ecumenical Temple.
  5817 | Temple   | Entered the Ecumenical Temple
  5925 | Temple   | Became a worshipper of Vehumet
  6244 | D:6      | Found a white marble altar of Elyvilon.
  6417 | D:6      | Reached skill level 8 in Spellcasting
  6658 | D:7      | Learned a level 3 spell: Regeneration
  6660 | D:7      | Learned a level 1 spell: Animate Skeleton
  7130 | D:7      | Reached * piety under Vehumet
  7130 | D:7      | Offered knowledge of Shock by Vehumet.
  7130 | D:7      | Reached XP level 9. HP: 47/47 MP: 10/23
  7207 | D:7      | Found Yzew's Assorted Antiques.
  7216 | D:7      | Bought a puce potion for 26 gold pieces
  7216 | D:7      | Bought a scroll labeled POLUSE SUWKEE for 29 gold pieces
  7216 | D:7      | Bought an emerald potion for 26 gold pieces
  7230 | D:7      | Reached skill level 9 in Spellcasting
  7230 | D:7      | Reached skill level 5 in Conjurations
  7230 | D:7      | Reached skill level 1 in Charms
  7871 | D:8      | Noticed a two-headed ogre
  7885 | D:8      | Killed a two-headed ogre
  7885 | D:8      | Reached skill level 10 in Spellcasting
  7918 | D:8      | Noticed Erica
  8032 | D:8      | Killed Erica
  8032 | D:8      | Reached skill level 11 in Spellcasting
  8230 | D:8      | Noticed Maurice
  8240 | D:8      | Killed Maurice
  8240 | D:8      | Reached XP level 10. HP: 45/52 MP: 8/27
  8263 | D:8      | Noticed Pikel
  8291 | D:8      | Reached ** piety under Vehumet
  8417 | D:8      | Offered knowledge of Freeze by Vehumet.
  8556 | D:8      | Killed Pikel
  8556 | D:8      | Reached skill level 12 in Spellcasting
  8659 | D:8      | Found a stormy altar of Qazlal.
  8815 | D:9      | Noticed a green ugly thing
  8938 | D:9      | Killed a cyan ugly thing
  9177 | D:9      | Reached skill level 13 in Spellcasting
  9193 | D:9      | Noticed dricus's ghost (novice MiBe)
  9370 | D:9      | Reached skill level 5 in Evocations
  9381 | D:10     | Entered Level 10 of the Dungeon
  9404 | D:9      | Noticed a gargoyle
  9449 | D:10     | Noticed a five-headed hydra
  9629 | D:10     | Reached skill level 5 in Short Blades
  9645 | D:10     | Offered knowledge of Static Discharge by Vehumet.
  9918 | D:10     | Reached *** piety under Vehumet
 10371 | D:10     | Killed a five-headed hydra
 10371 | D:10     | Reached skill level 14 in Spellcasting
 10371 | D:10     | Reached XP level 11. HP: 45/56 MP: 25/31
 10536 | D:11     | Offered knowledge of Ignite Poison by Vehumet.
 10941 | D:11     | Reached **** piety under Vehumet
 11177 | D:11     | Offered knowledge of Bolt of Magma by Vehumet.
 11177 | D:11     | Reached skill level 1 in Necromancy
 11189 | D:11     | Noticed a two-headed ogre
 11190 | D:11     | Learned a level 5 spell: Bolt of Magma
 11199 | D:11     | Killed a two-headed ogre
 11199 | D:11     | Reached skill level 5 in Dodging
 11307 | D:11     | Found a staircase to the Lair.
 11681 | D:11     | Noticed a white ugly thing
 11696 | D:11     | Killed a white ugly thing
 11696 | D:11     | Reached skill level 1 in Armour
 11719 | D:11     | Reached skill level 15 in Spellcasting
 11882 | D:11     | Found a gateway to a bazaar.
 11954 | D:11     | Got a distressingly furry leather armour
 11973 | D:11     | Identified the +3 leather armour of Nenkosm {Int+5} (You took it off a kobold on level 11 of the Dungeon)
 12160 | D:11     | Noticed a two-headed ogre
 12179 | D:11     | Killed a two-headed ogre
 12235 | Lair:1   | Entered Level 1 of the Lair of Beasts
 12422 | Lair:1   | Noticed a seven-headed hydra
 12530 | Lair:1   | Killed a seven-headed hydra
 12530 | Lair:1   | Reached XP level 12. HP: 62/62 MP: 15/33
 12588 | Lair:1   | HP: 2/62 [spiny frog (20)]
 13153 | Lair:1   | Reached skill level 16 in Spellcasting
 13420 | Lair:2   | Found a staircase to the Swamp.
 13474 | Lair:2   | Noticed a six-headed hydra
 13482 | Lair:2   | Killed a six-headed hydra
 13482 | Lair:2   | Reached skill level 1 in Earth Magic
 13544 | Lair:2   | Noticed an anaconda
 13648 | Lair:2   | Got a smoking lajatang
 13654 | Lair:2   | Identified the +5 lajatang "Giozio" {flame, rPois rF+ Int+3} (You found it on level 2 of the Lair of Beasts)
 13728 | Lair:2   | Found a staircase to the Snake Pit.
 14165 | Lair:2   | Reached skill level 1 in Staves
 14688 | Lair:3   | Reached ***** piety under Vehumet
 14693 | Lair:3   | Offered knowledge of Bolt of Cold by Vehumet.
 14704 | Lair:3   | Learned a level 6 spell: Bolt of Cold
 15160 | Lair:4   | Killed an anaconda
 15160 | Lair:4   | Reached skill level 17 in Spellcasting
 15221 | Lair:4   | Noticed Harold
 15258 | Lair:4   | Killed Harold
 15451 | Lair:4   | Reached XP level 13. HP: 59/68 MP: 31/36
 16121 | Lair:5   | Learned a level 2 spell: Song of Slaying
 16233 | Lair:5   | Learned a level 2 spell: Shroud of Golubria
 16394 | Lair:5   | Noticed Josephine
 16406 | Lair:5   | Killed Josephine
 16709 | Lair:5   | Noticed Nessos
 16768 | Lair:5   | Killed Nessos
 16965 | Lair:6   | Entered Level 6 of the Lair of Beasts
 17002 | Lair:5   | Slain by a komodo dragon

Vault maps used:
D:1:      eino_arrival_water_cross, minmay_hexomino_u4
D:2:      fedhas_altar_1, first_bread, hangedman_decor_growths, uniq_robin
D:3:      chequers_big_river
D:4:      doesnt_xom_only_xom, uniq_menkaure, uniq_grinder
D:6:      elyvilon_altar_5
D:7:      minmay_temple_entry_mist, serial_shops, shop, minivault_11
D:8:      nicolae_qazlal_eye_of_the_storm, serial_curves, eino_curves_02,
          eino_curves_01, blue_anna_alchemist, uniq_pikel, uniq_maurice,
          uniq_erica
D:9:      grunt_temple_overflow_open, kennysheep_generic_room_13
D:10:     kennysheep_generic_room_9
D:11:     minmay_lair_entry_grove, serial_shops, statue_bzr, uniq_nergalle
Temple:   compressed_dpeg_circular_temple
Lair:1:   columned_hall_lemuel, fungi_pond_lemuel
Lair:2:   minmay_swamp_entry_swarm, minmay_snake_entry_guardpost_small,
          grunt_megastairs_4
Lair:4:   serial_bayou_shore_a, grunt_megastairs_2, infiniplex_staircase_pool_2,
          uniq_harold
Lair:5:   minmay_holes, uniq_josephine, uniq_nessos
Lair:6:   due_jungle_book, slime_altar_1, grunt_megastairs_5

Skill      XL: |  1  2  3  4  5  6  7  8  9 10 11 12 13 |
---------------+----------------------------------------+-----
Spellcasting   | 4 5 6 7 8 11 14 15 17 | 17.8
Stealth        | 3 4 5 6 7 8 9 |  9.1
Conjurations   | 2 3 4 5 6 7 8 9 |  9.9
Short Blades   | 1 2 3 4 5 6 |  6.2
Fire Magic     | 4 5 7 8 9 |  9.4
Dodging        | 3 4 5 6 |  6.3
Fighting       | 1 2 3 |  3.0
Charms         | 2 3 4 |  4.4
Evocations     | 5 |  5.4
Necromancy     | 2 3 |  3.7
Armour         | 1 2 |  2.8
Earth Magic    | 2 3 |  3.3
Staves         | 2 3 |  3.3
Shields        | |  0.1
Translocations | |  0.7

Action                   |  1- 3 |  4- 6 |  7- 9 | 10-12 | 13-15 || total
-------------------------+-------+-------+-------+-------+-------++-------
Melee: Unarmed           |    16 |       |       |       |       ||    16
       Dagger            |    36 |    26 |    34 |   371 |       ||   467
       Rapier            |       |    53 |   229 |       |       ||   282
       Staff             |       |       |     1 |    11 |       ||    12
       Lajatang          |       |       |       |    39 |    27 ||    66
Throw: Throwing net      |       |       |       |     2 |       ||     2
 Cast: Flame Tongue      |    56 |    77 |    59 |   136 |     7 ||   335
       Conjure Flame     |     3 |     9 |    31 |    32 |     7 ||    82
       Sticky Flame      |       |     2 |    34 |   147 |    23 ||   206
       Fireball          |       |       |     8 |    15 |     1 ||    24
       Regeneration      |       |       |     4 |    16 |     9 ||    29
       Animate Skeleton  |       |       |     8 |    47 |    16 ||    71
       Bolt of Magma     |       |       |       |    25 |    21 ||    46
       Bolt of Cold      |       |       |       |     1 |     2 ||     3
       Shroud of Golubri |       |       |       |       |     5 ||     5
       Song of Slaying   |       |       |       |       |     2 ||     2
 Abil: Evoke Invisibilit |       |       |       |     4 |     2 ||     6
Evoke: Wand              |       |     1 |     1 |     5 |       ||     7
  Use: Scroll            |       |     2 |     2 |    10 |     3 ||    17
       Potion            |       |       |       |     2 |     2 ||     4
 Stab: Sleeping          |     2 |    13 |     9 |    14 |       ||    38
       Distracted        |       |       |     1 |     5 |     1 ||     7
       Invisible         |       |       |       |     3 |     3 ||     6
       Paralysed         |       |       |       |     1 |       ||     1
  Eat: Chunk             |     2 |     5 |     6 |    23 |     5 ||    41
       Meat ration       |       |     1 |     2 |     2 |       ||     5
Armor: Robe              |     8 |    22 |    74 |    27 |       ||   131
       Leather armour    |       |       |       |   111 |    19 ||   130
Dodge: Dodged            |    44 |    63 |   183 |   315 |    63 ||   668
Block: Other             |       |       |       |    99 |    22 ||   121
       Reflection        |       |       |       |     2 |       ||     2
